 Dungeon Crawl Stone Soup version 0.28.0-47-ge53b351184 (webtiles) character file.

Game seed: 7731699704353464263

11 GigaChad the Conjurer (level 2, 0/15 HPs)
             Began as a Deep Elf Conjurer on Apr 26, 2022.
             Slain by a jackal (3 damage)
             ... on level 1 of the Dungeon.
             The game lasted 00:01:08 (464 turns).

GigaChad the Conjurer (Deep Elf Conjurer)            Turns: 464, Time: 00:01:08

Health: 0/15       AC:  2    Str: 10    XL:     2   Next: 13%
Magic:  2/8        EV: 12    Int: 22    God:
Gold:   4          SH:  0    Dex: 13    Spells: 6/7 levels left

rFire   . . .      SeeInvis .   e - +0 war axe
rCold   . . .      Faith    .   (no shield)
rNeg    . . .      Spirit   .   a - +0 robe
rPois   .          Reflect  .   (no helmet)
rElec   .          Harm     .   (no cloak)
rCorr   .          Rampage  .   (no gloves)
Will    .....                   (no boots)
Stlth   ++........              (no amulet)
HPRegen 0.05/turn               f - +6 ring of strength
MPRegen 0.11/turn               (no ring)

@: no status effects
A: no striking features
a: no special abilities


You were on level 1 of the Dungeon.
You visited 1 branch of the dungeon, and saw 1 of its levels.

You collected 4 gold pieces.

Inventory:

Hand Weapons
 b - a +0 short sword
 d - a +0 dagger of protection
 e - a +0 war axe (weapon)
Armour
 a - a +0 robe (worn)
Jewellery
 f - a +6 ring of strength (left hand)
Scrolls
 c - a scroll of brand weapon {unknown}


   Skills:
 + Level 2.4 Dodging
 + Level 2.4 Stealth
 + Level 3.0 Spellcasting
 + Level 4.9 Conjurations


You had 6 spell levels left.
You knew the following spells:

 Your Spells              Type           Power      Damage    Failure   Level
a - Magic Dart            Conj           100%       1d8       1%          1

Your spell library contained the following spells:

 Spells                   Type           Power      Damage    Failure   Level
 Searing Ray              Conj           50%        2d6       2%          2
 Dazzling Flash           Conj/Hex       28%        N/A       14%         3
 Fulminant Prism          Conj/Hex       7%         3d7       41%         4
 Iskenderun's Mystic Bla  Conj/Tloc      14%        2d5       41%         4


Dungeon Overview and Level Annotations

Branches:
Dungeon (1/15)

Altars:


Message History

You slash the rat!
You kill the rat!
You have reached level 2!
f - a +6 ring of strength You feel stronger.
f - a +6 ring of strength (left hand)
A jackal comes into view.
A jackal comes into view.
The jackal barks! x2
A jackal comes into view.
The jackal moves out of view.
The magic dart hits the jackal.
The jackal is moderately wounded.
The magic dart hits the jackal.
The jackal is almost dead.
The magic dart hits the jackal.
You kill the jackal!
The magic dart hits the jackal but does no damage.
The magic dart hits the jackal.
The jackal is severely wounded.
An endoplasm comes into view.
The magic dart hits the jackal but does no damage.
The jackal is severely wounded.
The endoplasm quivers.
The jackal barely misses you. The jackal bites you. The jackal misses you.
The magic dart hits the jackal.
You kill the jackal!
The jackal bites you but does no damage.
The endoplasm jiggles.
The jackal misses you.
You closely miss the jackal. The jackal bites you. x2
You hit the jackal.
The jackal is moderately wounded.
The jackal bites you. The jackal misses you.
You barely miss the jackal.
The jackal is moderately wounded.
The jackal bites you.
* * * LOW HITPOINT WARNING * * *
The jackal bites you.
You die...

##.# ..# ##### #.# #...
#######.#####.###
................#
#######.#####.#.# .. #.#
#.#.#
####.###.#####.#†######.
......).........@hJ.....
####.###.#.....#.######.
...#.# #.###.#####
##.#.###'#......
#.#.........###
##.#............
...........##...
##.#.......# ..
...#....##.#


You could see an endoplasm and a jackal.

Vanquished Creatures
  A bat (D:1)
  An endoplasm (D:1)
  A hobgoblin (D:1)
  2 jackals (D:1)
  3 goblins (D:1)
  A rat (D:1)
9 creatures vanquished.

Notes
Turn   | Place    | Note
-------+----------+-------------------------------------------
     0 | D:1      | GigaChad the Deep Elf Conjurer began the quest for the Orb.
     0 | D:1      | Reached XP level 1. HP: 10/10 MP: 6/6
   437 | D:1      | Reached XP level 2. HP: 10/15 MP: 5/8
   464 | D:1      | Slain by a jackal

Illustrated notes

Levels and vault maps discovered:
D:1:      psy_arrival_terrarium, layout_basic

Action                   || total
-------------------------++-------
Melee: Short sword       ||    12
       War axe           ||     6
 Cast: Magic Dart        ||    18
 Stab: Sleeping          ||     1
Armor: Robe              ||     3
Dodge: Dodged            ||    17
